 BcadrenCrawl: Boulder Brew version 0.06-688-g08e91b2d95 (webtiles) character file.

Game seed: 9889746335379980821

0 pipel the Caster of Ruination (level 1, 0/3 HPs) Fairy Priest. Began on Dec 18, 2022. Was a Believer of Vehumet. Slain by a bat (1 damage) ... on level 1 of the Dungeon. The game lasted 00:01:12 (105 turns).

pipel the Caster of Ruination (Fairy Priest)         Turns: 105, Time: 00:01:15

Health: 0/3        AC:  0    Str:  4    XL:     1 ^: 11
Magic:  3/3        EV: 20    Int: 18    God:    Vehumet [2* [51]]
Gold:   0          SH:  0    Dex: 14    Spells: 0/0 levels left

rFire    . . .     Slash    +   (no jewelry)
rCold    . . .     Pierce   +
rNeg     . . .     Bludgeon +
rCorr    . . .     Vision   .
rPois    .         Gourm    .
rElec    .         Faith    .
MR       .....     Spirit   .
HPRegen  0.11/turn Reflect  .
MPRegen  0.13/turn Harm     .
Stlth    +.........

@: glowing, slow
A: tiny, no armour or weapons, only one jewelry slot, no melee attacks, fairy
magic, fairy shield, decreased potion and divine healing, unfitting armour,
flight, slowness 1, fairy light 1, insubstantial
a: Fly, Renounce Religion


You were on level 1 of the Dungeon.
You worshipped Vehumet.
Vehumet was pleased with you.
You were not hungry.

You visited 1 branch of the dungeon, and saw 1 of its levels.
You also visited: Temple.

Inventory:

Comestibles
 a - a ration
 b - a chunk of flesh


   Skills:
 + Level 2.8 Dodging
 - Level 1.4 Stealth
 + Level 1.1 Fire Magic
   Level 3.6 Invocations


You couldn't memorise any spells.
You knew the following spells:

 Your Spells              Type           Power        Failure   Level  Hunger
a - Foxfire               Fire           3 (25)       14%         1    40-60

Your spell library contained the following spells:

 Spells                   Type           Power        Failure   Level  Hunger
 Freeze Ice 0 (25) 22% 1 40-60 Shock Air            0 (25)       22%         1    40-60


Dungeon Overview and Level Annotations

Branches:
Dungeon (1/8)

Altars:


Innate Abilities, Weirdness & Mutations

You are too small to use any gear.
You can wear a single ring or amulet completely around your body.
You are incapable of melee of any kind.
Your magic reserves are extremely low but spells that normally cost one mana are free and all other spells cost one mana.
You are extremely frail but all attacks that strike you do exactly one damage.
The effect of potions and godly healing effects is reduced to match your tiny health and magic reserves.
You are able to fly continuously.
You cover ground slowly.
You exude a bright light in a small radius around yourself.
Your insubstantial form grants resistance to all physical attack and full immunity to sticky flames, nets and constriction. (rPhysical+)


Message History

You see here a bat corpse.
You butcher the bat corpse.
b - a chunk of flesh You see here a bat skeleton.
Okay, then.
You start waiting.
HP restored.
A bat comes into view.
Casting: Foxfire (safe; 14% risk of failure)
Confirm with . or Enter, or press ? or * to list all spells.
You conjure some foxfire!
The bat closely misses you.
Unknown command.
Casting: Foxfire (safe; 14% risk of failure)
Confirm with . or Enter, or press ? or * to list all spells.
You conjure some foxfire!
The foxfire hits the bat (1).
The bat is moderately wounded. (2/3) HP The foxfire hits the bat (1).
The bat is severely wounded. (1/3) HP The bat hits you (1). x3
You die...

#..## # #..#$
.## #?...#
##..#
.....###...#
.....#....#
#.......#
#*b*..# #@...#
..####§#.#
#.......÷.#
#.......#.#
#.#######.####
#.......#
#.#####.# ##.#
..
######..##...
.≈>


You could see a bat.

Vanquished Creatures
  A bat (D:1)
1 creature vanquished.

Vanquished Creatures (others)
  3 foxfires (D:1)
3 creatures vanquished.

Grand Total: 4 creatures vanquished

Notes
Turn   | Place    | Note
-------+----------+-------------------------------------------
     0 | Start Te | pipel the Fairy Priest began the quest for the Orb.
     0 | Start Te | Reached XP level 1. HP: 3/3 MP: 3/3
     0 | Start Te | Found a sparkling altar of Nemelex Xobeh.
     1 | Start Te | Found a basalt altar of Yredelemnul.
     1 | Start Te | Found a white marble altar of Elyvilon.
     2 | Start Te | Found an iron altar of Okawaru.
     3 | Start Te | Found a glowing silver altar of Zin.
     3 | Start Te | Found a blossoming altar of Fedhas.
     4 | Start Te | Found a stormy altar of Qazlal.
     5 | Start Te | Became a worshipper of Vehumet
     5 | Start Te | Reached * piety under Vehumet
     5 | Start Te | Offered knowledge of Shock by Vehumet.
     5 | Start Te | Reached ** piety under Vehumet
    87 | D:1      | Offered knowledge of Freeze by Vehumet.
   105 | D:1      | Slain by a bat

Illustrated notes

Levels and vault maps discovered:
D:1:      evilmike_arrival_rings, layout_loops_ring, kennysheep_generic_room_14

Action                   || total
-------------------------++-------
 Cast: Foxfire           ||     3
Dodge: Dodged            ||     2
